 Dungeon Crawl Stone Soup version 0.31.0-4-g52a2dc7128 (webtiles) character file.

Game seed: 9784904076318876031

1787 Gottschkopf the Fighter (level 8, -4/82 HPs)
             Began as a Minotaur Fighter on Jan 22, 2024.
             Was an Elder of Nemelex Xobeh.
             Slain by Grum
             ... wielding a -2 glaive
              (7 damage)
             ... on level 8 of the Dungeon.
             The game lasted 00:16:05 (5969 turns).

Gottschkopf the Fighter (Minotaur Fighter)          Turns: 5969, Time: 00:16:05

Health: -4/82      AC: 17    Str: 23    XL:     8   Next: 82%
Magic:  7/7        EV:  6    Int:  5    God:    Nemelex Xobeh [****..]
Gold:   396        SH:  5    Dex: 16    Spells: 7/7 levels left

rFire   . . .        K - +0 spear (freeze)
rCold   . . .        c - +0 buckler
rNeg    . . .        L - +0 plate armour
rPois   .            (helmet restricted)
rElec   .            (no cloak)
rCorr   .            (no gloves)
SInv    .            (no boots)
Will    .....        (no amulet) Stlth
                     f - +6 ring of dexterity
HPRegen 0.33/turn    i - +4 ring of protection
MPRegen 0.10/turn

%: no passive effects
@: elixired
A: horns 2, retaliatory headbutt
a: Renounce Religion, Draw Escape, Draw Destruction, Draw Summoning, Triple
Draw, Deal Four


You were on level 8 of the Dungeon.
You worshipped Nemelex Xobeh.
Nemelex Xobeh was greatly pleased with you.
You visited 2 branches of the dungeon, and saw 9 of its levels.

You collected 396 gold pieces.

Inventory:

Hand Weapons
 b - a +2 short sword of venom
 F - a +1 mace of protection
 K - a +0 spear of freezing (weapon)
Missiles
 p - 10 boomerangs (quivered)
 J - a throwing net
Armour
 c - a +0 buckler (worn)
 D - the +1 leather armour of Generosity {rN+}
   (You found it on level 6 of the Dungeon)

   rN+:       It protects you from negative energy.
 L - a +0 plate armour (worn)
Magical Staves
 u - a staff of cold
 z - a staff of alchemy
Jewellery
 f - a +6 ring of dexterity (left hand)
 i - a +4 ring of protection (right hand)
 s - a ring of wizardry
 t - a ring of wizardry
 w - a +6 ring of dexterity
Wands
 a - a wand of light (4)
 l - a wand of flame (51)
 C - a wand of digging (1)
Scrolls
 e - a scroll of immolation
 g - 3 scrolls of teleportation {unknown}
 n - 3 scrolls of revelation {unknown}
 o - 8 scrolls of identify {unknown}
 q - a scroll of noise {unknown}
 r - a scroll of silence {unknown}
 x - a scroll of fog {unknown}
 y - 2 scrolls of amnesia {unknown}
Potions
 d - 2 potions of might
 h - a potion of enlightenment {unknown}
 k - 3 potions of curing {unknown}
 m - 4 potions of mutation {unknown}
 v - a potion of brilliance {unknown}
 A - 2 potions of magic {unknown}
 B - a potion of cancellation {unknown}
 E - a potion of attraction {unknown}


   Skills:
 * Level 11.5 Fighting
 - Level 2.4 Long Blades
 + Level 1.7 Polearms
 + Level 8.7 Armour
 - Level 3.6 Shields


You had 7 spell levels left.
You didn't know any spells.
Your spell library contained the following spells:

 Spells                   Type           Power      Damage    Failure   Level
 Magic Dart               Conj           0%         1d3       100%        1
 Searing Ray              Conj           0%         2d4       100%        2
 Fulminant Prism          Conj/Alch      0%         3d5       100%        4


Dungeon Overview and Level Annotations

Branches:
Dungeon (8/15)             Temple (1/1) D:7
   Lair: D:8-11

Altars:
Cheibriados
Elyvilon
Fedhas
Gozag
Makhleb
Nemelex Xobeh
Okawaru
Qazlal
Ru
Sif Muna
Trog
Uskayaw
Vehumet
Wu Jian
Xom
Yredelemnul
Zin
The Shining One

Annotations:
D:8 Grum


Innate Abilities, Weirdness & Mutations

You have a pair of horns on your head.
You reflexively headbutt those who attack you in melee.


Message History

You closely miss the wolf.
The wolf is almost dead.
The wolf howls!
You hear a shout!
The wolf bites you but does no damage. x2; Grum hits you but does no damage.
You hit the wolf but do no damage. You headbutt the wolf.
You kill the wolf!
You block the wolf's attack.
You barely miss the wolf. You block the wolf's attack. The wolf bites you.
Grum hits you from afar with a -2 glaive.
You hit the wolf. You freeze the wolf.
The wolf is moderately wounded.
You block the wolf's attack.
Grum hits you from afar with a -2 glaive!
You completely miss the wolf.
You headbutt the wolf, but do no damage.
The wolf is moderately wounded.
You block the wolf's attack. The wolf bites you but does no damage.
Grum barely misses you.
You hit the wolf but do no damage.
The wolf is moderately wounded.
The wolf completely misses you. The wolf bites you. Grum barely misses you.
You miss the wolf.
The wolf is moderately wounded.
The wolf bites you!
Grum hits you from afar with a -2 glaive!
You hit the wolf but do no damage. Your headbutt misses the wolf.
The wolf is moderately wounded.
The wolf bites you.
* * * LOW HITPOINT WARNING * * *
The wolf bites you.
* * * LOW HITPOINT WARNING * * *
Grum hits you from afar with a -2 glaive!!
* * * LOW HITPOINT WARNING * * *
You draw a card...
You have drawn the Elixir.
You begin rapidly regenerating health and magic.
The wolf bites you but does no damage. The wolf bites you!
* * * LOW HITPOINT WARNING * * *
Grum hits you from afar with a -2 glaive!
You die...
Your body glows with a rainbow of weird colours and disappears.

####.# #...... ##.......
#........ ###........
###### ###).........
##.....## ##.h)#...>....
##.......###..###........
#........@##.## ##.......
#.........hg.# .......
#.........#### ......<
#.........#######........
#........................
#.........#######.
#.........# #.........#
#....)<...#


You could see Grum and a wolf.

Vanquished Creatures
  Grinder (D:3)
  A water moccasin (D:7)
  An ogre (D:4)
  An orc warrior (D:7)
  2 ice beasts
  A black bear (D:8)
  A wolf (D:8)
  A phantom (D:6)
  A bullfrog (D:3)
  A scorpion (D:6)
  3 hounds
  4 bombardier beetles
  2 jellies
  2 gnoll boudas (D:7)
  An orc priest (D:7)
  A sleepcap (D:7)
  An iguana (D:7)
  3 orc wizards
  8 gnolls (D:7)
  7 adders
  2 shadow imps
  2 ufetubi (D:3)
  2 ribbon worms
  A dart slug (D:2)
  17 orcs
  8 endoplasms
  A giant cockroach (D:1)
  7 goblins
  7 hobgoblins
  7 kobolds
  4 quokkas
  6 ball pythons
  9 bats
  5 frilled lizards
  10 rats
131 creatures vanquished.

Notes
Turn   | Place    | Note
-------+----------+-------------------------------------------
     0 | D:1      | Gottschkopf the Minotaur Fighter began the quest for the
                  | Orb.
     0 | D:1      | Reached XP level 1. HP: 19/19 MP: 0/0
   109 | D:1      | Found a faded altar of an unknown god.
   118 | D:1      | Prayed at the altar of an unknown god.
   118 | D:1      | Became a worshipper of Nemelex Xobeh the Trickster
   118 | D:1      | Reached * piety under Nemelex Xobeh
   153 | D:1      | Reached skill level 4 in Fighting
   188 | D:1      | Received a gift from Nemelex Xobeh
   193 | D:1      | Reached XP level 2. HP: 22/27 MP: 1/1
  1084 | D:2      | Reached XP level 3. HP: 34/34 MP: 2/2
  1087 | D:2      | Found a snail-covered altar of Cheibriados.
  1196 | D:2      | Reached ** piety under Nemelex Xobeh
  1286 | D:2      | Reached skill level 5 in Fighting
  1632 | D:3      | Reached XP level 4. HP: 42/42 MP: 3/3
  1665 | D:3      | Found a white marble altar of Elyvilon.
  1844 | D:3      | Noticed a bullfrog
  1851 | D:3      | Killed a bullfrog
  1852 | D:3      | Reached skill level 6 in Fighting
  1852 | D:3      | Reached skill level 5 in Armour
  1852 | D:3      | Reached XP level 5. HP: 44/50 MP: 4/4
  1986 | D:3      | Noticed Grinder
  1986 | D:3      | Paralysed by Grinder for 4 turns
  2012 | D:3      | Killed Grinder
  2013 | D:3      | Reached skill level 7 in Fighting
  2013 | D:3      | Reached XP level 6. HP: 39/60 MP: 5/5
  2832 | D:4      | Reached skill level 8 in Fighting
  2832 | D:4      | Reached XP level 7. HP: 54/68 MP: 6/6
  2888 | D:4      | Found a bloodstained altar of Trog.
  3180 | D:5      | Entered Level 5 of the Dungeon
  3181 | D:5      | Found a sacrificial altar of Ru.
  3296 | D:5      | Found a shimmering altar of Xom.
  3329 | D:5      | Found a blossoming altar of Fedhas.
  3333 | D:5      | Reached *** piety under Nemelex Xobeh
  3357 | D:5      | Found a stormy altar of Qazlal.
  3626 | D:5      | Received a gift from Nemelex Xobeh
  3777 | D:5      | Found an opulent altar of Gozag.
  3806 | D:5      | Found a glowing silver altar of Zin.
  3915 | D:6      | Identified the +1 leather armour of Generosity {rN+}
  4021 | D:6      | Reached skill level 9 in Fighting
  4126 | D:6      | Received a gift from Nemelex Xobeh
  4383 | D:6      | Reached XP level 8. HP: 79/79 MP: 7/7
  4874 | D:7      | Reached skill level 10 in Fighting
  5130 | D:7      | Found a glowing golden altar of the Shining One.
  5236 | D:7      | Reached **** piety under Nemelex Xobeh
  5236 | D:7      | Received a gift from Nemelex Xobeh
  5293 | D:7      | Found a staircase to the Ecumenical Temple.
  5314 | Temple   | Entered the Ecumenical Temple
  5518 | D:7      | Reached skill level 11 in Fighting
  5908 | D:8      | Reached skill level 1 in Polearms
  5946 | D:8      | Noticed Grum
  5968 | D:8      | HP: 2/82 [Grum/-2 glaive (21)]
  5969 | D:8      | Slain by Grum

Illustrated notes

Levels and vault maps discovered:
D:1:      kilobyte_arrival_exit_the_forest, layout_loops_cross,
          hellmonk_ecumenical_altar_blasted, moated_statue,
          chequers_serial_rivers_micro_c, minmay_unequal
D:2:      layout_rooms, basic_altar, minmay_misc_feat_iff,
          kennysheep_generic_room_5
D:3:      layout_rooms, mainiacjoe_overflow_surrounded_room, kennysheep_boxes,
          uniq_grinder
D:4:      layout_loops_ring, old_standard_altar, kennysheep_cluttered_room
D:5:      layout_rooms, grunt_temple_overflow_forces_of_nature,
          pdpol_temple_overflow_zin_treasury_gozag_greed,
          nicolae_ru_awakened_eye, nicolae_overflow_crystal_walls,
          minmay_misc_feat_enclosed
D:6:      mumra_celtic_spiral_tile, layout_basic
D:7:      layout_cave_pools, tso_metal_star, temple_statues,
          nicolae_letterblocks [nicolae_letter_subblock,
          nicolae_letter_subblock, nicolae_letter_subblock,
          nicolae_letter_subblock, nicolae_letter_subblock,
          nicolae_letter_subblock, nicolae_letter_subblock,
          nicolae_letter_subblock, nicolae_letter_subblock,
          nicolae_letter_subblock, nicolae_letter_subblock,
          nicolae_letter_subblock, nicolae_letter_subblock,
          nicolae_letter_subblock, nicolae_letter_subblock,
          nicolae_letter_subblock, nicolae_letter_subblock,
          nicolae_letter_subblock, nicolae_letter_subblock,
          nicolae_letter_subblock, nicolae_letter_subblock,
          nicolae_letter_subblock, nicolae_letter_subblock,
          nicolae_letter_subblock, nicolae_letter_subblock]
D:8:      layout_rooms, riverfiend_overflow_shadow_ancestor, erik_lair_dragon,
          grunt_decor_fettered, uniq_amaemon, uniq_grum, uniq_pikel
Temple:   compressed_dpeg_triangle_lava_temple

Skill      XL: |  1  2  3  4  5  6  7  8 |
---------------+-------------------------+-----
Fighting       | 4 5 6 7 8 9 11 | 11.5
Armour         | 4 5 6 7 8 |  8.7
Polearms       | 1 |  1.7
Long Blades    | |  2.4
Shields        | |  3.6

Action                     |  1- 3 |  4- 6 |  7- 9 || total
---------------------------+-------+-------+-------++-------
  Melee: Long sword        |    34 |       |       ||    34
         Headbutt          |    12 |    20 |    51 ||    83
         Short sword       |    39 |    80 |   147 ||   266
         Spear             |       |       |    47 ||    47
 Invoke: Draw Escape       |       |       |     1 ||     1
   Stab: Distracted        |     1 |       |       ||     1
 Armour: Scale mail        |    16 |       |       ||    16
         Chain mail        |    17 |    43 |   105 ||   165
         Plate armour      |       |       |    90 ||    90
  Dodge: Dodged            |    26 |    32 |    81 ||   139
  Block: Buckler           |    21 |    24 |    55 ||   100
